 Dungeon Crawl Stone Soup version 0.24.0-123-gd5b16e6ec5 (webtiles) character file.

Game seed: 7702828414756720428, levelgen mode: deterministic

2314961 TheNamelessOne the Sorcerer (level 27, 195/195 HPs)
             Began as an Octopode Fire Elementalist on Dec 27, 2019.
             Was the Champion of Vehumet.
             Escaped with the Orb
             ... and 4 runes on Dec 28, 2019!
             The game lasted 04:53:47 (79426 turns).

TheNamelessOne the Sorcerer (OpFE)                 Turns: 79426, Time: 04:53:47

Health: 195/195    AC:  7    Str:  7    XL:     27
Magic:  69/71      EV: 24    Int: 43    God:    Vehumet [******]
Gold:   7726       SH:  9    Dex: 19    Spells: 12/79 levels left

rFire    + + +     SeeInvis +   B - staff of conjuration
rCold    + . .     Gourm    .   Z - +3 buckler {rC+ rF+}
rNeg     + + +     Faith    .   N - +2 hat {Int+3}
rPois    +         Spirit   .   J - amulet "Xiatyeri" {rPois rF+ Regen+ SInv}
rElec    +         Reflect  .   H - ring of the Zebra {rN+ MP+9 Str+3}
rCorr    .         Harm     .   p - ring "Lyeted" {+Blink rElec MR+ Str-5 Dex+4}
MR       +++..                  a - +5 ring of intelligence
Stlth    ++........             e - ring of Dim Light {rN+ Int+3 Dex+2 Stlth+}
HPRegen  0.82/turn              A - ring of fire
MPRegen  0.42/turn              F - ring of magical power
                                t - ring of Puosiri {rElec rC+ rN+}
                                K - ring "Dakluz" {Wiz Int+6 Slay-3}

@: studying Earth Magic, deflect missiles
A: almost no armour, stealthy swim, amphibious, 8 rings, constrict 8, icy blue
scales 1, thin metallic scales 1, camouflage 1, clumsy 1, mutation resistance 1,
robust 1, inhibited regeneration, gelatinous body 1
0: Orb of Zot
}: 4/15 runes: serpentine, barnacled, slimy, silver
a: Renounce Religion, Evoke Blink


You escaped.
You worshipped Vehumet.
Vehumet was exalted by your worship.
You were full.

You visited 12 branches of the dungeon, and saw 58 of its levels.
You visited 1 ziggurat, and saw 17 of its levels.

You collected 9784 gold pieces.
You spent 2058 gold pieces at shops.

Inventory:

Armour
 N - a +2 hat of intelligence (worn)
 Z - a +3 buckler of resistance (worn)
Magical Staves
 B - an uncursed staff of conjuration (weapon)
 U - an uncursed staff of earth
Jewellery
 a - a +5 ring of intelligence (on tentacle)
 d - the ring "Gumaim" {*Slow rElec rC+ rCorr Int+4}
   (You acquired it on level 3 of the Realm of Zot)

   [ring of resist corrosion]

   It affects your intelligence (+4).
   It protects you from cold.
   It insulates you from electricity.
   It provides partial protection from all sources of acid and corrosion.
   It may slow you when you take damage.
 e - the ring of Dim Light (on tentacle) {rN+ Int+3 Dex+2 Stlth+}
   (You acquired it on level 10 of the Dungeon)

   [ring of positive energy]

   It affects your intelligence (+3).
   It affects your dexterity (+2).
   It protects you from negative energy.
   It makes you more stealthy.
 g - the ring "Itwant" {*Contam rElec rF+++ rC- Stlth+}
   (You found it on level 2 of the Realm of Zot)

   [ring of stealth]

   It renders you almost immune to fire.
   It makes you vulnerable to cold.
   It insulates you from electricity.
   It causes magical contamination when unequipped.
   It makes you more stealthy.
 h - the ring of Uppomionil {rElec rPois rF+ rN+ Str+5}
   (You found it on level 12 of a ziggurat)

   [ring of strength]

   It affects your strength (+5).
   It protects you from fire.
   It insulates you from electricity.
   It protects you from poison.
   It protects you from negative energy.
 k - the ring of Asotue {rElec rCorr Int-3 Dex-3 SInv}
   (You found it on level 2 of the Snake Pit)

   [ring of resist corrosion]

   It affects your intelligence (-3).
   It affects your dexterity (-3).
   It insulates you from electricity.
   It lets you see invisible.
   It provides partial protection from all sources of acid and corrosion.
 p - the ring "Lyeted" (right tentacle) {+Blink rElec MR+ Str-5 Dex+4}
   (You took it off a deep elf high priest on level 3 of the Elven Halls)

   [ring of protection from magic]

   It affects your strength (-5).
   It affects your dexterity (+4).
   It insulates you from electricity.
   It affects your resistance to hostile enchantments.
   It lets you blink.
 s - an uncursed amulet of magic regeneration
 t - the ring of Puosiri (on tentacle) {rElec rC+ rN+}
   (You acquired it on level 5 of the Vaults)

   [ring of positive energy]

   It protects you from cold.
   It insulates you from electricity.
   It protects you from negative energy.
 A - a ring of fire (on tentacle)
 D - an uncursed ring of protection from cold
 F - a ring of magical power (on tentacle)
 H - the ring of the Zebra (left tentacle) {rN+ MP+9 Str+3}
   (You acquired it on level 11 of a ziggurat)

   [ring of strength]

   It affects your strength (+3).
   It protects you from negative energy.
   It affects your magic capacity (+9).
 J - the amulet "Xiatyeri" (around mantle) {rPois rF+ Regen+ SInv}
   (You found it on level 17 of a ziggurat)

   [amulet of regeneration]

   It protects you from fire.
   It protects you from poison.
   It lets you see invisible.
   It increases your rate of regeneration.
 K - the ring "Dakluz" (on tentacle) {Wiz Int+6 Slay-3}
   (You found it on level 15 of the Dungeon)

   [ring of wizardry]

   It improves your spell success rate.
   It affects your intelligence (+6).
   It affects your accuracy and damage with ranged weapons and melee attacks
   (-3).
 T - the amulet of the Air {Inacc +Fly rElec EV+5 RMsl}
   (You found it on level 2 of the Lair of Beasts)

   [amulet of inaccuracy]

   It reduces the accuracy of all your attacks.
   It affects your evasion (+5).
   It insulates you from electricity.
   It lets you fly.
   It protects you from missiles.
Wands
 o - a wand of acid (47)
 O - a wand of iceblast (43)
 W - a wand of clouds (4)
 X - a wand of digging (1)
 Y - a wand of scattershot (5)
Scrolls
 i - 27 scrolls of remove curse
 j - 9 scrolls of fog
 l - 2 scrolls of holy word
 v - 7 scrolls of immolation
 w - 20 scrolls of teleportation
 z - 14 scrolls of magic mapping
 C - 9 scrolls of fear
 E - 3 scrolls of enchant armour
 G - 4 scrolls of identify
 M - 9 scrolls of amnesia
 Q - 5 scrolls of blinking
Potions
 c - a potion of magic
 f - 18 potions of curing
 m - 9 potions of ambrosia
 n - 11 potions of lignification
 q - 13 potions of brilliance
 r - 23 potions of heal wounds
 u - 7 potions of resistance
 x - 7 potions of agility
 y - 7 potions of invisibility
 I - 6 potions of haste
 L - 10 potions of mutation
 S - 4 potions of cancellation
 V - 9 potions of flight
Books
 R - a manual of Earth Magic
Comestibles
 b - 75 rations


   Skills:
 - Level 12.4 Fighting
 - Level 12.5 Dodging
 - Level 2.6 Stealth
 - Level 4.0 Shields
 + Level 26.9 Spellcasting
 + Level 22.3 Conjurations
 - Level 6.3 Charms
 - Level 2.7 Summonings
 - Level 5.1 Transmutations
 - Level 19.5 Fire Magic
 - Level 20.0 Ice Magic
 - Level 6.4 Air Magic
 + Level 21.0 Earth Magic
   Level 9.8 Poison Magic
 - Level 14.4 Evocations


You had 12 spell levels left.
You knew the following spells:

 Your Spells              Type           Power        Failure   Level  Hunger
a - Fire Storm            Conj/Fire      #########.   1%          9    None
b - Glaciate              Conj/Ice       #########.   1%          9    None
c - Orb of Destruction    Conj           #########.   0%          7    None
d - Shatter               Erth           ########..   1%          9    None
e - Iron Shot             Conj/Erth      #########.   0%          6    None
f - Regeneration          Chrm/Necr      ######....   1%          3    None
g - Lee's Rapid Deconstr  Erth           ########..   0%          5    None
h - Spellforged Servitor  Conj/Summ      ########..   1%          7    None
i - Statue Form           Tmut/Erth      ########.    1%          6    None
j - Deflect Missiles      Chrm/Air       #######...   1%          6    None

Your spell library contained the following spells:

 Spells                   Type           Power        Failure   Level  Hunger
 Tornado                  Air            #######...   80%         9    None
 Flame Tongue             Conj/Fire      #####        0%          1    None
 Freeze                   Ice            ####         0%          1    None
 Magic Dart               Conj           ####         0%          1    None
 Sandblast                Erth           ######       0%          1    None
 Shock                    Conj/Air       ####         0%          1    None
 Sting                    Conj/Pois      ####         0%          1    None
 Ensorcelled Hibernation  Hex/Ice        ######       0%          2    None
 Passwall                 Tmut/Erth      ########     0%          2    None
 Poisonous Vapours        Pois/Air       ######       0%          2    None
 Searing Ray              Conj           ######       0%          2    None
 Throw Flame              Conj/Fire      ######       0%          2    None
 Throw Frost              Conj/Ice       ######       0%          2    None
 Conjure Flame            Conj/Fire      ########     0%          3    None
 Dazzling Spray           Conj/Hex       ######       0%          3    None
 Ignite Poison            Fire/Tmut/Pois ########     0%          3    None
 Inner Flame              Hex/Fire       ########     0%          3    None
 Mephitic Cloud           Conj/Pois/Air  ########     0%          3    None
 Ozocubu's Armour         Chrm/Ice       ########     0%          3    None
 Static Discharge         Conj/Air       ########     0%          3    None
 Stone Arrow              Conj/Erth      ######       0%          3    None
 Ice Form                 Ice/Tmut       ########     0%          4    None
 Iskenderun's Mystic Bla  Conj           ########     0%          4    None
 Petrify                  Tmut/Erth      ########     0%          4    None
 Sticky Flame             Conj/Fire      ########     0%          4    None
 Summon Ice Beast         Ice/Summ       ########     0%          4    None
 Throw Icicle             Conj/Ice       ########     0%          4    None
 Bolt of Magma            Conj/Fire/Erth #########.   0%          5    None
 Fireball                 Conj/Fire      #########.   0%          5    None
 Iskenderun's Battlesphe  Conj/Chrm      ########     0%          5    None
 Lightning Bolt           Conj/Air       ########..   0%          5    None
 Venom Bolt               Conj/Pois      ########..   0%          5    None
 Bolt of Cold             Conj/Ice       #########.   0%          6    None
 Bolt of Fire             Conj/Fire      #########.   0%          6    None
 Ozocubu's Refrigeration  Ice            ########..   0%          6    None
 Animate Skeleton         Necr           N/A          1%          1    None
 Apportation              Tloc           ######       1%          1    None
 Beastly Appendage        Tmut           ######       1%          1    None
 Confusing Touch          Hex            ######       1%          1    None
 Corona                   Hex            ######.      1%          1    None
 Pain                     Necr           ####         1%          1    None
 Summon Butterflies       Summ           ######..     1%          1    None
 Summon Small Mammal      Summ           ####         1%          1    None
 Blink                    Tloc           N/A          1%          2    None
 Call Imp                 Summ           ######..     1%          2    None
 Corpse Rot               Necr           N/A          1%          2    None
 Shroud of Golubria       Chrm/Tloc      ######       1%          2    None
 Slow                     Hex            ######..     1%          2    None
 Sticks to Snakes         Tmut           #######.     1%          2    None
 Sublimation of Blood     Necr           ######....   1%          2    None
 Swiftness                Chrm/Air       #######.     1%          2    None
 Call Canine Familiar     Summ           ######..     1%          3    None
 Confuse                  Hex            ######..     1%          3    None
 Gell's Gravitas          Tloc           ######....   1%          3    None
 Lesser Beckoning         Tloc           ######....   1%          3    None
 Portal Projectile        Hex/Tloc       ######       1%          3    None
 Spider Form              Tmut/Pois      #######...   1%          3    None
 Summon Guardian Golem    Hex/Summ       ######..     1%          3    None
 Teleport Other           Tloc           ######..     1%          3    None
 Tukima's Dance           Hex            ######..     1%          3    None
 Vampiric Draining        Necr           ######....   1%          3    None
 Airstrike                Air            #######...   1%          4    None
 Animate Dead             Necr           N/A          1%          4    None
 Cause Fear               Hex            ######....   1%          4    None
 Force Lance              Conj/Tloc      ########     1%          4    None
 Fulminant Prism          Conj/Hex       ########..   1%          4    None
 Leda's Liquefaction      Hex/Erth       #######...   1%          4    None
 Olgreb's Toxic Radiance  Pois           #######.     1%          4    None
 Summon Lightning Spire   Summ/Air       #######.     1%          4    None
 Alistair's Intoxication  Tmut/Pois      #######.     1%          5    None
 Blade Hands              Tmut           #######...   1%          5    None
 Bolt of Draining         Conj/Necr      ########..   1%          5    None
 Excruciating Wounds      Chrm/Necr      ######....   1%          5    None
 Irradiate                Conj/Tmut      ########..   1%          5    None
 Metabolic Englaciation   Hex/Ice        #######...   1%          5    None
 Silence                  Hex/Air        ######....   1%          5    None
 Summon Forest            Summ/Tloc      ######....   1%          5    None
 Summon Mana Viper        Hex/Summ       ######..     1%          5    None
 Yara's Violent Unravell  Hex/Tmut       ######....   1%          5    None
 Conjure Ball Lightning   Conj/Air       ########..   1%          6    None
 Freezing Cloud           Conj/Ice/Air   ########..   1%          6    None
 Hydra Form               Tmut           #######...   1%          6    None
 Simulacrum               Ice/Necr       #######...   1%          6    None
 Ring of Flames           Chrm/Fire      ########..   1%          7    None
 Agony                    Necr           ######..     2%          5    None
 Dispel Undead            Necr           ######..     2%          5    None
 Dragon Form              Tmut           #######...   11%         7    None
 Darkness                 Hex            ######....   16%         6    None
 Death Channel            Necr           ######....   16%         6    None
 Dispersal                Tloc           ######....   16%         6    None
 Invisibility             Hex            ######..     16%         6    None
 Summon Hydra             Summ           ######....   26%         7    None
 Haunt                    Necr/Summ      ######....   43%         7    None
 Death's Door             Chrm/Necr      ######....   86%         8    None
 Necromutation            Tmut/Necr      ######....   90%         8    None
 Borgnjor's Revivificati  Necr           ######....   99%         8    None
 Controlled Blink         Tloc           N/A          99%         8    None
 Disjunction              Tloc           ######....   99%         8    None
 Infestation              Necr           ######....   99%         8    None
 Dragon's Call            Summ           ######....   100%        9    None
 Passage of Golubria      Tloc           Unusable     N/A         4    N/A

Dungeon Overview and Level Annotations

Branches:
Dungeon (15/15)            Temple (1/1) D:6            Lair (6/6) D:9
 Shoals (4/4) Lair:2        Snake (4/4) Lair:3        Slime (5/5) Lair:5
    Orc (2/2) D:10            Elf (3/3) Orc:2        Vaults (5/5) D:14
  Crypt (3/3) Vaults:2       Tomb (0/3) Crypt:3      Depths (5/5) D:15
    Zot (5/5) Depths:5

Altars:
Ashenzari
Cheibriados
Dithmenos
Elyvilon
Fedhas
Hepliaklqana
Kikubaaqudgha
Makhleb
Nemelex Xobeh
Okawaru
Qazlal
Ru
Sif Muna
Trog
Uskayaw
Vehumet
Wu Jian
Xom
Yredelemnul
Zin
Beogh
Jiyva

Shops:
D:4 *   D:6 *   D:10 !   Orc:2 (=*[   Snake:1 *   Snake:2 ==}   Depths:2 [}((
Depths:4 [

Portals:
Hell: Depths:1 Depths:2 Depths:4 Depths:5
Abyss: Depths:1 Depths:4
Pandemonium: Depths:1 Depths:3

Annotations:
D:11 1 runed translucent door
Snake:2 4 runed translucent doors, Yrif's ghost, adept GnFi
Orc:1 1 runed translucent door, Scuka's ghost, journeyman GrEE


Innate Abilities, Weirdness & Mutations

You cannot wear most types of armour.
You are very stealthy in the water. (Stealth+)
You are amphibious.
You can wear up to eight rings at the same time.
You can use your tentacles to constrict eight enemies at once.
Your skin changes colour to match your surroundings (Stealth+).
Your rubbery body absorbs attacks. (AC +1, EV +1)
You are partially covered in icy blue scales. (AC +2)
You are partially covered in thin metallic scales. (AC +2)
You are clumsy. (Dex -2)
You are somewhat resistant to further mutation.
You are robust. (+10% HP)
You do not regenerate when monsters are visible.


Message History

(P) Snake Pit (M) Slime Pits (O) Orcish Mines (E) Elven Halls (V) Vaults (C) Crypt (W) Tomb (U) Depths (H) Hell (Z) Zot
Where to? (Enter - D:1, ? - help)
Okay, then.
There is an escape hatch in the floor here.
A lorocyproca comes into view.
Casting: Fire Storm (safe; 1% risk of failure)
Confirm with . or Enter, or press ? or * to list all spells.
Aiming: Iron Shot (safe; 0% risk of failure)
Press: ? - help, Shift-Dir - straight line, f - lorocyproca
Aim: a lorocyproca (slightly transparent)
You feel a surge of power!
The iron shot hits the lorocyproca!!!
You kill the lorocyproca!
Vehumet accepts your kill.
Casting: Iron Shot (safe; 0% risk of failure)
Confirm with . or Enter, or press ? or * to list all spells.
You can't see any susceptible monsters within range! (Use Z to cast anyway.)
There is a staircase leading out of the dungeon here.
You have escaped!

# ##### #.# ##..........
############...# #.#
#.....รท.....
..........#....###.###....######.
....).....................#####..
..........................#......
.......................####......
...............###.#.............
...............###.#.............
...............#@#.#............>
####...........#.#...............
###............#.#....##.........
#........###...#.#...............
#.....##########.#######.........
#.....# #.............#.........
......##########.#######.##......
.............###.#.......##......
.##....#####..##.#..#.#.#########


There were no monsters in sight!

Vanquished Creatures
  the Royal Jelly (Slime:5)
  3 pandemonium lords
  A seraph (Zot:4)
  Khufu (Crypt:3)
  Mara (Depths:1)
  5 orbs of fire
  The ghost of Elaole the Imperceptible, a legendary GnSk of Dithmenos (Zot:2)
  The ghost of Hicanoach the Grim Reaper, a master DsGl of Yredelemnul (Zot:2)
  7 juggernauts
  10 ancient liches
  2 greater mummies
  A shard shrike (Zig:9)
  3 curse toes
  Frederick (Depths:5)
  Vashnia (Snake:4)
  4 caustic shrikes
  9 Killer Klowns
  Jory (Vaults:4)
  8 golden dragons
  3 bone dragons
  2 Tzitzimimeh (Zig:14)
  2 iron giants
  An electric golem (Zot:5)
  A Brimstone Fiend (Zig:12)
  19 tentacled monstrosities
  2 Hell Sentinels (Zig:12)
  2 Ice Fiends (Zig:14)
  A hellephant (Zig:12)
  Rupert (D:15)
  27 Orb Guardians
  8 liches
  10 titans
  2 deep elf master archers (Elf:3)
  A quicksilver dragon (shapeshifter) (Zig:7)
  6 quicksilver dragons
  4 Executioners
  5 deep elf blademasters
  26 acid blobs
  An acid blob (shapeshifter) (Zig:8)
  10 death cobs
  Gastronok (Lair:3)
  3 ancient champions
  Polyphemus (Shoals:3)
  A kraken (Shoals:2)
  6 sphinxes
  4 revenants (Zig:11)
  8 shadow dragons
  13 tengu reavers
  Donald (Orc:2)
  Ilsuiw (Shoals:3)
  10 storm dragons
  Roxanne (Shoals:3)
  9 nagarajas
  12 azure jellies
  A daeva (Depths:5)
  6 draconian monks
  3 draconian knights
  17 fire giants
  A fire giant (shapeshifter) (D:15)
  13 frost giants
  An orc warlord (Orc:2)
  2 cacodemons
  14 vault wardens
  10 balrugs
  A juggernaut zombie (Zig:6)
  Louise (Shoals:1)
  2 iron dragons (Zig:10)
  2 warmongers
  A ghost moth (shapeshifter) (Elf:3)
  2 draconian scorchers
  4 curse skulls
  6 draconian shifters
  9 deep elf sorcerers
  10 ghouls
  A ghost moth (Zot:5)
  6 deep elf elementalists (Elf:3)
  2 angels (Zot:4)
  3 draconian annihilators
  7 war gargoyles
  3 draconian stormcallers
  14 ironheart preservers
  3 reapers
  2 juggernaut skeletons (Zig:9)
  3 entropy weavers
  28 stone giants
  3 blood saints
  4 spriggan defenders
  8 vampire knights
  8 green draconians
  2 black suns (Zig:14)
  Nessos (D:15)
  21 very ugly things
  3 corrupters
  8 deep elf demonologists
  A dire elephant (shapeshifter) (Zig:8)
  11 black draconians
  6 yellow draconians
  2 lorocyprocas
  10 deep elf annihilators
  7 purple draconians
  6 spark wasps
  9 red draconians
  9 white draconians
  4 blizzard demons
  3 merfolk javelineers
  A crystal guardian (Zig:10)
  5 eidola
  6 merfolk impalers
  17 yaktaur captains
  9 death oozes
  17 fire dragons
  A mummy priest (Crypt:3)
  3 deep elf death magi
  A green death (Zig:14)
  20 ettins
  7 deep elf high priests
  A quicksilver dragon zombie (Crypt:3)
  2 jiangshi (Crypt:1)
  Josephine (Shoals:1)
  8 rakshasas
  A great orb of eyes (shapeshifter) (D:15)
  14 ice dragons
  9 great orbs of eyes
  40 vault guards
  7 hydras
  3 catoblepae
  6 naga warriors
  The ghost of Nilihum the Martial Artist, a journeyman OpTm of Cheibriados (Lair:1)
  A merfolk avatar (Shoals:3)
  11 centaur warriors
  Erica (D:8)
  A catoblepas (shapeshifter) (Depths:4)
  A hell beast (Zig:12)
  8 spriggan air magi
  15 ogre magi
  5 death knights
  2 monstrous demonspawn
  33 two-headed ogres
  15 dancing weapons
  A death scarab (Zig:4)
  A queen ant (Lair:4)
  3 merfolk aquamancers (Shoals:4)
  10 death yaks
  9 anacondas
  15 deep troll shamans
  7 deep troll earth magi
  3 shock serpents (Snake:1)
  A thrashing horror (Zig:13)
  A shock serpent (shapeshifter) (Zig:7)
  14 naga sharpshooters
  4 tengu warriors
  2 iron golems (Zig:10)
  7 orc high priests
  5 hell knights
  5 spriggan berserkers
  7 vampire magi
  Sonja (D:11)
  15 deep elf knights
  A titan skeleton (Crypt:1)
  2 sun demons
  3 wretched stars (Zig:13)
  13 skeletal warriors
  4 spriggans
  4 iron trolls
  8 shadow wraiths
  2 fire crabs (shapeshifter)
  A golden dragon zombie (Crypt:3)
  2 sixfirhies (Zig:12)
  5 unseen horrors
  25 deep trolls
  6 sea snakes
  2 torturous demonspawn
  7 fire crabs (Zig:16)
  A sea snake (shapeshifter) (Depths:3)
  11 flayed ghosts
  An unseen horror (shapeshifter) (Elf:1)
  2 tengu zombies
  14 deep elf archers
  An anaconda zombie (Crypt:2)
  8 glowing orange brains
  8 wizards
  A swamp dragon (Lair:6)
  16 ironbrand convokers
  Pikel (D:6)
  12 orc knights
  9 harpies
  5 naga ritualists
  3 wolf spider zombies
  30 phantasmal warriors
  13 mana vipers
  11 necromancers
  8 wolf spiders
  An orb spider (shapeshifter) (Vaults:5)
  6 orc sorcerers
  3 shining eyes
  5 salamanders
  A sphinx zombie (Vaults:5)
  48 deep elf magi
  A mana viper (shapeshifter) (Zig:5)
  3 iron dragon zombies
  2 stone giant zombies (Crypt:3)
  46 ugly things
  4 fauns (Shoals:3)
  A stone giant skeleton (Zig:9)
  17 moths of wrath
  12 cyclopes
  16 manticores
  A sphinx skeleton (Crypt:2)
  An elf zombie (Zig:9)
  A frost giant zombie (Crypt:3)
  An iron dragon skeleton (Crypt:1)
  2 black mambas (shapeshifter)
  7 elephants
  6 merfolk sirens
  A rust devil (Zig:12)
  An apocalypse crab (Zig:8)
  A guardian serpent (Snake:4)
  A water nymph (shapeshifter) (Vaults:1)
  4 water nymphs
  7 eyes of devastation
  20 naga magi
  8 spiny frogs
  13 vault sentinels
  28 black mambas
  A fire giant skeleton (Zig:6)
  2 smoke demons (Zig:13)
  3 gargoyles
  A spriggan zombie (Zig:4)
  Maurice (D:8)
  A grey draconian zombie (Crypt:2)
  An orange demon (Zig:12)
  A redback zombie (D:15)
  7 rime drakes
  A demonic crawler (Depths:5)
  37 yaktaurs
  3 hellwings
  11 komodo dragons
  19 freezing wraiths
  2 tormentors
  9 efreet
  An ancient zyme (Zig:13)
  4 ice devils
  A queen bee (Lair:2)
  16 merfolk
  2 guardian mummies (Crypt:3)
  A silent spectre (Zig:13)
  5 jumping spiders
  3 wind drakes
  A harpy zombie (Crypt:3)
  3 meliai (D:13)
  8 tengu conjurers
  3 wind drakes (shapeshifter)
  15 trolls
  Prince Ribbit (D:6)
  Grinder (D:3)
  3 ettin zombies
  A moth of wrath zombie (Crypt:1)
  A raiju (Zig:13)
  A blink frog (shapeshifter) (Depths:5)
  3 fire dragon zombies
  9 hornets
  15 blink frogs
  An alligator zombie (Crypt:2)
  A bog body (Crypt:1)
  2 dream sheep (Shoals:4)
  126 slime creatures
  17 hippogriffs
  6 snapping turtles
  An ice dragon zombie (Crypt:3)
  10 large abominations
  A fire dragon skeleton (Crypt:1)
  4 air elementals
  16 flying skulls (Crypt:1)
  8 shadows
  2 ettin skeletons
  45 yaks
  5 redbacks
  13 water elementals
  A ynoxinul (Zig:13)
  A redback (shapeshifter) (Vaults:5)
  2 ushabtiu (Zig:4)
  17 wraiths
  6 wyverns
  7 steam dragons
  A yak (shapeshifter) (Vaults:1)
  5 chaos spawn
  3 hungry ghosts
  14 fire elementals
  A steam dragon (shapeshifter) (Depths:3)
  2 basilisks
  12 golden eyes
  2 human simulacra
  A vampire mosquito (D:15)
  A neqoxec (Zig:13)
  A two-headed ogre zombie (Crypt:1)
  A deep troll zombie (Vaults:5)
  5 wargs
  A naga (shapeshifter) (Depths:5)
  36 nagas
  27 soldier ants
  3 acid dragons
  5 hell hounds (Zig:16)
  A spiny frog zombie (Crypt:3)
  2 small abominations
  A merfolk skeleton (Crypt:2)
  8 porcupines
  A floating eye (Slime:5)
  34 orc warriors
  11 water moccasins
  7 sky beasts
  A swamp drake (Lair:6)
  A human zombie (Vaults:1)
  3 ice beasts
  2 black bears
  A dream sheep zombie (Crypt:1)
  4 phantoms
  6 boggarts
  3 manticore zombies
  9 necrophages
  2 slaves
  13 wolves
  4 eyes of draining
  31 ogres
  A tengu (shapeshifter) (Vaults:5)
  A wolf (shapeshifter) (Depths:4)
  A swamp dragon skeleton (Crypt:2)
  16 centaurs
  A lindwurm skeleton (Crypt:2)
  A crocodile (shapeshifter) (Vaults:1)
  19 crocodiles
  2 big kobolds
  Blork the orc (D:6)
  An infernal demonspawn simulacrum (Crypt:1)
  14 bullfrogs
  2 wyvern zombies
  6 earth elementals
  A komodo dragon skeleton (Crypt:2)
  11 wyvern skeletons
  5 scorpions
  13 wights
  36 killer bees
  A warg skeleton (Crypt:2)
  A snapping turtle simulacrum (Crypt:2)
  A troll skeleton (Crypt:1)
  7 crimson imps
  5 howler monkeys
  4 quasits
  4 centaur zombies
  5 hounds
  4 bullfrog skeletons
  5 centaur skeletons
  3 jellies
  19 orc priests
  21 orc wizards
  9 iguanas
  Jessica (D:2)
  29 worker ants
  A hound zombie (D:7)
  A naga zombie (Crypt:2)
  2 hound skeletons
  3 mummies
  A howler monkey zombie (D:5)
  4 gnolls (D:2)
  12 adders
  A river rat (Lair:2)
  3 shadow imps
  A white imp (Zig:9)
  An ooze (D:2)
  An adder zombie (D:5)
  A lava snake zombie (Crypt:1)
  An adder skeleton (D:9)
  4 worms
  2 dart slugs
  5 leopard geckos
  A leopard gecko (shapeshifter) (Elf:3)
  80 orcs
  5 bats
  A bat skeleton (Crypt:2)
  6 giant cockroaches
  10 goblins
  7 hobgoblins
  2 jackals
  16 kobolds
  6 quokkas
  A ball python (Snake:2)
  7 frilled lizards
  A goblin skeleton (Crypt:1)
  A jackal zombie (D:8)
  A leopard gecko skeleton (D:8)
  A quokka skeleton (D:8)
  11 rats
  11 blocks of ice
  A crawling corpse (Elf:3)
  6 fire vortices
  39 plants
  17 withered plants (Crypt:3)
2745 creatures vanquished.

Vanquished Creatures (collateral kills)
  An ancient lich (Zot:5)
  An orb of fire (Zot:5)
  A greater mummy (Crypt:3)
  Sojobo (Depths:5)
  Bai Suzhen (Crypt:3)
  A Killer Klown (Zot:5)
  Nikola (Shoals:3)
  2 profane servitors (Crypt:3)
  An electric golem (Zot:5)
  3 acid blobs (Slime:5)
  A quicksilver dragon (Zot:5)
  2 storm dragons (Zot:5)
  2 nagarajas (Snake:4)
  A fire giant (Depths:5)
  A frost giant (Shoals:4)
  A vault warden (Vaults:2)
  Aizul (Snake:4)
  A draconian shifter (Zot:5)
  A ghost moth (Zot:5)
  A cacodemon (Zig:14)
  A stone giant (Zig:15)
  A ghoul (Crypt:1)
  2 very ugly things
  A green draconian (Depths:5)
  A vampire knight (Crypt:1)
  A spriggan defender (Depths:5)
  A black draconian (Zot:5)
  A purple draconian (Zot:4)
  A yellow draconian (Zot:1)
  A deep elf annihilator (Elf:3)
  A white draconian (Zot:5)
  An eidolon (Crypt:3)
  A merfolk impaler (Shoals:3)
  3 yaktaur captains
  2 deep elf high priests (Elf:3)
  2 naga warriors (Snake:4)
  A spriggan air mage (Depths:3)
  10 dancing weapons
  A death knight (Vaults:4)
  3 death yaks (Shoals:3)
  A spriggan berserker (Depths:1)
  2 naga sharpshooters
  7 deep elf knights (Elf:2)
  A small abomination (Elf:3)
  A skeletal warrior (Crypt:3)
  A sea snake (Shoals:4)
  3 naga ritualists
  5 deep elf archers
  A necromancer (Vaults:1)
  2 phantasmal warriors (Crypt:3)
  5 harpies (Vaults:1)
  A mana viper (Snake:3)
  A wolf spider zombie (Crypt:3)
  A cyclops (Vaults:1)
  An ugly thing (D:15)
  A faun (Shoals:3)
  16 deep elf magi
  2 human zombies
  A manticore (Shoals:3)
  2 merfolk sirens
  6 naga magi (Snake:4)
  A water nymph (Shoals:4)
  3 black mambas (Snake:3)
  A freezing wraith (D:15)
  A yaktaur (Vaults:3)
  A yaktaur skeleton (Vaults:1)
  4 merfolk
  A hornet (Vaults:3)
  11 slime creatures
  2 snapping turtles
  An ice dragon skeleton (Vaults:1)
  4 water elementals
  A fire elemental (Elf:2)
  A wraith (Crypt:3)
  A yak (shapeshifter) (D:15)
  A yak (Lair:2)
  4 golden eyes
  A vampire mosquito (D:15)
  7 nagas
  A warg (Vaults:3)
  5 necrophages (Crypt:3)
  An eye of draining (Slime:3)
  2 phantoms (Crypt:3)
  A centaur (Depths:1)
  An earth elemental (Elf:2)
  A human skeleton (Vaults:1)
  A wyvern skeleton (Crypt:3)
  An electric eel (Elf:1)
  A mummy (Crypt:3)
  A giant cockroach zombie (Crypt:2)
  4 blocks of ice
  2 crawling corpses (Elf:3)
  A plant (Shoals:4)
  A withered plant (Crypt:3)
192 creatures vanquished.

Vanquished Creatures (others)
  A nagaraja (Snake:4)
  A dancing weapon (Elf:2)
  A wretched star (Zig:13)
  A deep elf mage (Elf:2)
  A meliai (D:15)
  A hornet (D:15)
  A yak (Lair:2)
  An orc wizard (D:6)
  An orc (D:6)
  19 blocks of ice
  494 fire vortices
  17 fungi
  80 plants
  4 tentacles (Shoals:2)
  7 withered plants (Crypt:3)
630 creatures vanquished.

Grand Total: 3567 creatures vanquished

Notes
Turn   | Place    | Note
-------+----------+-------------------------------------------
     0 | D:1      | TheNamelessOne the Octopode Fire Elementalist began the
                  | quest for the Orb.
     0 | D:1      | Reached XP level 1. HP: 11/11 MP: 3/3
   152 | D:1      | Reached XP level 2. HP: 17/17 MP: 0/5
   831 | D:2      | Noticed Jessica
   880 | D:2      | Reached XP level 3. HP: 21/21 MP: 3/6
   890 | D:2      | Killed Jessica
  1051 | D:2      | Reached XP level 4. HP: 23/27 MP: 5/8
  1279 | D:1      | Learned a level 3 spell: Conjure Flame
  1746 | D:2      | Reached skill level 3 in Spellcasting
  1793 | D:2      | Reached XP level 5. HP: 25/31 MP: 0/9
  2381 | D:3      | Noticed Grinder
  2403 | D:3      | Killed Grinder
  2403 | D:3      | Reached XP level 6. HP: 25/36 MP: 3/11
  2715 | D:3      | Learned a level 4 spell: Sticky Flame
  2779 | D:3      | Found a snail-covered altar of Cheibriados.
  3196 | D:3      | Reached skill level 4 in Spellcasting
  3427 | D:4      | Reached skill level 5 in Fire Magic
  3427 | D:4      | Reached XP level 7. HP: 41/41 MP: 9/13
  3467 | D:4      | Found a shimmering altar of Xom.
  3467 | D:4      | Found a bloodstained altar of Trog.
  3467 | D:4      | Found a stormy altar of Qazlal.
  3467 | D:4      | Found a burning altar of Makhleb.
  3476 | D:4      | Found a basalt altar of Yredelemnul.
  3481 | D:4      | Found a glowing silver altar of Zin.
  3800 | D:4      | Found Diatwen's General Store.
  3861 | D:4      | Bought a scroll of teleportation for 30 gold pieces
  3861 | D:4      | Bought a potion of curing for 30 gold pieces
  4527 | D:5      | Entered Level 5 of the Dungeon
  4552 | D:5      | Noticed a hippogriff
  4588 | D:4      | Reached skill level 5 in Spellcasting
  4588 | D:4      | Reached skill level 5 in Conjurations
  4588 | D:4      | Reached XP level 8. HP: 46/46 MP: 0/15
  4725 | D:5      | Found a blossoming altar of Fedhas.
  5356 | D:5      | Killed a hippogriff
  5621 | D:6      | Noticed Pikel
  5678 | D:5      | Learned a level 5 spell: Fireball
  5679 | D:6      | Noticed Prince Ribbit
  6064 | D:5      | Reached skill level 6 in Spellcasting
  6303 | D:6      | Reached XP level 9. HP: 22/51 MP: 2/18
  6402 | D:6      | Found a staircase to the Ecumenical Temple.
  6413 | Temple   | Entered the Ecumenical Temple
  6441 | Temple   | Became a worshipper of Vehumet
  6536 | D:6      | Noticed Blork the orc
  6544 | D:6      | Killed Blork the orc
  6745 | D:6      | Killed Prince Ribbit
  7106 | D:6      | Found Colufe's Assorted Antiques.
  7124 | D:6      | Bought an encrusted iron ring for 110 gold pieces
  7124 | D:6      | Bought a scroll labeled KYWATISS HELAA for 22 gold pieces
  7124 | D:6      | Bought a scroll labeled KYWATISS HELAA for 22 gold pieces
  7224 | D:6      | Killed Pikel
  7224 | D:6      | Reached skill level 7 in Spellcasting
  7582 | D:6      | Found an ancient bone altar of Kikubaaqudgha.
  7583 | D:6      | Found a hazy altar of Hepliaklqana.
  8301 | D:7      | Reached * piety under Vehumet
  8301 | D:7      | Offered knowledge of Sting by Vehumet.
  8513 | D:8      | Reached XP level 10. HP: 56/56 MP: 21/21
  8541 | D:8      | Noticed Maurice
  8552 | D:8      | Killed Maurice
  8763 | D:8      | Reached skill level 8 in Spellcasting
  8765 | D:8      | Noticed Erica
  8788 | D:8      | Killed Erica
  9013 | D:8      | Found a shadowy altar of Dithmenos.
  9381 | D:9      | Reached ** piety under Vehumet
  9381 | D:9      | Offered knowledge of Throw Frost by Vehumet.
  9811 | D:9      | Found a staircase to the Lair.
  9854 | D:9      | Found the cursed +14 obsidian axe {chop, +Fly SInv *Curse}
 10423 | D:10     | Entered Level 10 of the Dungeon
 10551 | D:10     | Reached skill level 9 in Spellcasting
 10603 | D:10     | Reached XP level 11. HP: 59/61 MP: 17/24
 10668 | D:10     | Found a staircase to the Orcish Mines.
 10676 | D:10     | Offered knowledge of Searing Ray by Vehumet.
 10676 | D:10     | Reached skill level 10 in Fire Magic
 10706 | D:10     | Learned a level 2 spell: Searing Ray
 10717 | D:10     | Found a roughly hewn altar of Beogh.
 10802 | D:10     | Reached *** piety under Vehumet
 11041 | D:10     | Found Anaobroiw's Distillery.
 11047 | D:10     | Got a crystal scythe
 11048 | D:10     | Identified the +11 scythe of Righteous Anger {drain, +Inv
                  | rPois rF+ Str+9} (You found it on level 10 of the Dungeon)
 11072 | D:10     | Bought a potion of mutation for 136 gold pieces
 11072 | D:10     | Gained mutation: You are somewhat resistant to further
                  | mutation. [potion of mutation]
 11073 | D:10     | Lost mutation: You are somewhat resistant to further
                  | mutation. [potion of mutation]
 11073 | D:10     | Gained mutation: Your muscles are strong. (Str +2) [potion
                  | of mutation]
 11073 | D:10     | Gained mutation: You possess an exceptional clarity of
                  | mind. [potion of mutation]
 11829 | D:11     | Noticed a five-headed hydra
 11990 | D:11     | Reached skill level 10 in Conjurations
 11990 | D:11     | Offered knowledge of Stone Arrow by Vehumet.
 11996 | D:11     | Learned a level 3 spell: Stone Arrow
 12253 | D:11     | Killed a five-headed hydra
 12390 | D:11     | Noticed Sonja
 12396 | D:11     | Killed Sonja
 12427 | D:11     | Reached skill level 10 in Spellcasting
 12427 | D:11     | Reached **** piety under Vehumet
 12528 | D:11     | Found a runed translucent door.
 12528 | D:11     | Noticed an ettin
 12528 | D:11     | Noticed a fire giant
 12528 | D:11     | Noticed a frost giant
 12529 | D:11     | Noticed a fire giant
 12530 | D:11     | Noticed a fire giant
 12530 | D:11     | Noticed a sphinx
 12530 | D:11     | Noticed a yaktaur captain
 12530 | D:11     | Noticed a yaktaur captain
 12733 | D:11     | Noticed a manticore
 12736 | D:11     | Killed a manticore
 12736 | D:11     | Offered knowledge of Lee's Rapid Deconstruction by Vehumet.
 12746 | D:11     | Learned a level 5 spell: Lee's Rapid Deconstruction
 12997 | D:11     | Reached skill level 1 in Earth Magic
 13009 | D:11     | Reached skill level 1 in Fighting
 13010 | D:11     | Reached XP level 12. HP: 39/67 MP: 22/26
 14117 | D:13     | Noticed a catoblepas
 14337 | D:13     | Noticed a two-headed ogre
 14344 | D:13     | Killed a two-headed ogre
 14673 | D:13     | Reached skill level 11 in Spellcasting
 14913 | D:13     | Reached ***** piety under Vehumet
 14913 | D:13     | Reached skill level 5 in Earth Magic
 15029 | D:13     | Offered knowledge of Bolt of Fire by Vehumet.
 15037 | D:13     | Learned a level 6 spell: Bolt of Fire
 15463 | D:13     | Killed a catoblepas
 15664 | Lair:1   | Entered Level 1 of the Lair of Beasts
 15983 | Lair:1   | Reached XP level 13. HP: 69/78 MP: 4/28
 16340 | Lair:1   | Found a large runed translucent door.
 16340 | Lair:1   | Found a large runed translucent door.
 16340 | Lair:1   | Noticed Nilihum's ghost (journeyman OpTm)
 16503 | Lair:2   | Reached skill level 5 in Dodging
 17298 | Lair:2   | Reached skill level 12 in Spellcasting
 17422 | Lair:2   | Reached skill level 5 in Fighting
 17697 | Lair:2   | Found a staircase to the Shoals.
 17898 | Lair:2   | Offered knowledge of Orb of Destruction by Vehumet.
 18299 | Lair:2   | Learned a level 7 spell: Orb of Destruction
 18980 | Lair:2   | Found the amulet of the Air {Inacc +Fly rElec EV+5 RMsl}
 19256 | Lair:3   | Found a staircase to the Snake Pit.
 19420 | Lair:3   | Noticed Gastronok
 19438 | Lair:3   | Killed Gastronok
 19702 | Lair:3   | Reached XP level 14. HP: 81/89 MP: 4/30
 20496 | Lair:4   | Noticed an entropy weaver
 20657 | Lair:4   | You fall into a shaft and drop 2 floors!
 20657 | Lair:6   | Entered Level 6 of the Lair of Beasts
 20941 | Lair:6   | Reached skill level 13 in Spellcasting
 21191 | Lair:6   | Got an iridescent flail
 21192 | Lair:6   | Identified the +6 flail of Bydghala {pain, *Noise Str+3
                  | Dex+3 Stlth+} (You found it on level 6 of the Lair of
                  | Beasts)
 21743 | Lair:5   | Offered knowledge of Spellforged Servitor by Vehumet.
 21762 | Lair:5   | Reached skill level 1 in Evocations
 22039 | Lair:5   | Found a viscous altar of Jiyva.
 22040 | Lair:5   | Found a staircase to the Slime Pits.
 24280 | Lair:6   | Got a transparent steel ring
 24281 | Lair:6   | Identified the cursed ring of Boha {AC-2 Str+4 Dex+3
                  | Stlth-} (You found it on level 6 of the Lair of Beasts)
 24590 | Lair:4   | Killed an entropy weaver
 25330 | Lair:4   | Reached XP level 15. HP: 96/96 MP: 12/32
 25356 | Lair:4   | Learned a level 7 spell: Spellforged Servitor
 25659 | Lair:4   | Reached skill level 14 in Spellcasting
 25989 | Orc:1    | Entered Level 1 of the Orcish Mines
 26147 | Orc:1    | Offered knowledge of Bolt of Cold by Vehumet.
 26245 | Orc:1    | Reached skill level 1 in Summonings
 26636 | Orc:1    | Found a runed translucent door.
 26636 | Orc:1    | Noticed Scuka's ghost (journeyman GrEE)
 27394 | Orc:2    | Entered Level 2 of the Orcish Mines
 27402 | Orc:2    | Noticed Donald
 27404 | Orc:2    | Killed Donald
 27438 | Orc:2    | Paralysed by an orc sorcerer for 2 turns
 27445 | Orc:2    | Noticed an orc warlord
 27451 | Orc:2    | Found Zaehoarph's Antique Weapon Emporium.
 27676 | Lair:1   | Killed Nilihum's ghost
 27696 | Lair:1   | Learned a level 6 spell: Statue Form
 27913 | Orc:2    | Reached skill level 10 in Earth Magic
 28073 | Orc:2    | Reached skill level 1 in Transmutations
 28547 | Orc:2    | Killed an orc warlord
 28669 | Orc:1    | Offered knowledge of Ozocubu's Refrigeration by Vehumet.
 29181 | Orc:2    | Found Nisiurph's Jewellery Emporium.
 29212 | Orc:2    | Found a staircase to the Elven Halls.
 29311 | Orc:2    | Found Jyaq's General Store.
 29414 | Orc:2    | Found Hesk's Antique Armour Shoppe.
 29481 | Orc:2    | Bought a scroll of fog for 28 gold pieces
 29481 | Orc:2    | Bought a potion of magic for 112 gold pieces
 29481 | Orc:2    | Bought a scroll of magic mapping for 49 gold pieces
 29507 | Orc:2    | Bought an uncursed ring of see invisible for 180 gold
                  | pieces
 29508 | Orc:2    | Bought an uncursed ring of poison resistance for 240 gold
                  | pieces
 29509 | Orc:2    | Bought an uncursed ring of protection from cold for 300
                  | gold pieces
 30615 | D:13     | Lost mutation: Your muscles are strong. (Str +2)
                  | [miscasting Statue Form]
 30863 | D:14     | Offered knowledge of Poison Arrow by Vehumet.
 30863 | D:14     | Reached skill level 5 in Transmutations
 31004 | D:14     | Reached skill level 15 in Spellcasting
 31004 | D:14     | Reached XP level 16. HP: 103/103 MP: 22/35
 31191 | D:14     | Found a gate to the Vaults.
 31354 | D:15     | Entered Level 15 of the Dungeon
 31810 | D:15     | Found a bloodstained altar of Trog.
 31811 | D:15     | Found a basalt altar of Yredelemnul.
 31811 | D:15     | Found an ornate altar of the Wu Jian Council.
 32340 | D:15     | Noticed a tengu reaver
 32343 | D:15     | Killed a tengu reaver
 32599 | D:15     | Noticed Nessos
 32607 | D:15     | Reached skill level 16 in Spellcasting
 32644 | D:15     | Killed Nessos
 33497 | D:15     | Learned a level 6 spell: Poison Arrow
 33777 | D:15     | Reached skill level 1 in Poison Magic
 33956 | D:15     | Noticed a shadow dragon
 33967 | D:15     | Killed a shadow dragon
 34111 | D:15     | Identified Xiuligeg's Compendium of Curses and the Blaze
 34120 | D:15     | Got a coiled ivory ring
 34121 | D:15     | Identified the ring "Dakluz" {Wiz Int+6 Slay-3} (You found
                  | it on level 15 of the Dungeon)
 34742 | D:15     | Found a staircase to the Depths.
 34769 | D:15     | Offered knowledge of Conjure Ball Lightning by Vehumet.
 34831 | D:15     | Noticed Rupert
 34851 | D:15     | Killed Rupert
 35152 | Shoals:1 | Entered Level 1 of the Shoals
 35152 | Shoals:1 | Noticed Josephine
 35154 | Shoals:1 | Killed Josephine
 35159 | Shoals:1 | Reached XP level 17. HP: 108/108 MP: 12/37
 35290 | Shoals:1 | Reached skill level 5 in Poison Magic
 35551 | Shoals:1 | Reached skill level 17 in Spellcasting
 35596 | Shoals:1 | Noticed Louise
 35608 | Shoals:1 | Killed Louise
 36247 | Shoals:2 | Noticed a kraken
 36250 | Shoals:2 | Killed a kraken
 36921 | Shoals:3 | Noticed Ilsuiw
 36969 | Shoals:3 | Noticed Polyphemus
 37754 | Shoals:3 | Noticed Roxanne
 37760 | Shoals:3 | Killed Roxanne
 37879 | Shoals:3 | Killed Polyphemus
 38496 | Shoals:3 | Noticed Nikola
 38502 | Shoals:3 | Killed Nikola
 39100 | Shoals:4 | Entered Level 4 of the Shoals
 39179 | Shoals:4 | Got a barnacled rune of Zot
 39771 | Shoals:4 | Identified the +10 great mace of Muufubui {crush, rN+++
                  | Str-4 Dex+6 Stlth-}
 40027 | Shoals:4 | Reached XP level 18. HP: 97/114 MP: 17/39
 40335 | Shoals:4 | Reached ****** piety under Vehumet
 40657 | Shoals:3 | Killed Ilsuiw
 40871 | Elf:1    | Entered Level 1 of the Elven Halls
 41012 | Elf:1    | Offered knowledge of Fire Storm by Vehumet.
 41012 | Elf:1    | Offered knowledge of Glaciate by Vehumet.
 41012 | Elf:1    | Offered knowledge of Tornado by Vehumet.
 41095 | Elf:1    | Noticed a Brimstone Fiend
 41559 | Elf:1    | Reached skill level 18 in Spellcasting
 41835 | Elf:1    | Identified Bosorud's Reference Book on Arcane Weapons
 41875 | Elf:1    | Identified a scroll of acquirement
 42735 | Elf:2    | Found a huge runed translucent gate.
 42735 | Elf:2    | Found a huge runed translucent gate.
 42735 | Elf:2    | Found a huge runed translucent gate.
 42735 | Elf:2    | Found a huge runed translucent gate.
 42735 | Elf:2    | Found a huge runed translucent gate.
 43088 | Elf:2    | Noticed a deep elf blademaster
 43089 | Elf:2    | Reached skill level 15 in Conjurations
 43090 | Elf:2    | Killed a deep elf blademaster
 43700 | Elf:3    | Entered Level 3 of the Elven Halls
 43979 | Elf:3    | Reached XP level 19. HP: 118/118 MP: 29/41
 44448 | Elf:3    | Identified the +6 rapier of the Fray {distort, MR+ Str+5}
 44791 | Elf:3    | Identified the ring "Taluubic" {Wiz -Tele rElec rF+ rN++}
 44795 | Elf:3    | Identified the cursed +1 scale mail "Xiowoug" {rElec}
 45404 | Elf:3    | Identified the ring "Lyeted" {+Blink rElec MR+ Str-5 Dex+4}
 45963 | Elf:3    | Identified the ring "Xullor" {Wiz *Corrode Str+4}
 46021 | Elf:3    | Identified Sif Muna's Catalogue of Ensnaring Transmutation
 46442 | D:10     | Learned a level 9 spell: Fire Storm
 46444 | D:10     | Identified the ring of Dim Light {rN+ Int+3 Dex+2 Stlth+}
                  | (You acquired it on level 10 of the Dungeon)
 46562 | Snake:1  | Entered Level 1 of the Snake Pit
 46577 | Snake:1  | Reached skill level 19 in Spellcasting
 46779 | Snake:1  | Found Xeadit's General Store.
 46788 | Snake:1  | Bought a potion of mutation for 104 gold pieces
 46788 | Snake:1  | Bought a ration for 65 gold pieces
 47721 | Snake:1  | You fall into a shaft and drop 1 floor!
 47721 | Snake:2  | Found a runed translucent gate.
 47721 | Snake:2  | Found a runed translucent gate.
 47721 | Snake:2  | Found a runed translucent gate.
 48006 | Snake:2  | Got a crude amber ring
 48037 | Snake:2  | Identified the ring of Asotue {rElec rCorr Int-3 Dex-3
                  | SInv} (You found it on level 2 of the Snake Pit)
 48051 | Snake:2  | Found a hide-covered altar of Uskayaw.
 48060 | Snake:2  | Found Yguytrod's Jewellery Shop.
 48062 | Snake:2  | Found Odghirch's Gadget Emporium.
 48063 | Snake:2  | Found Caweosh's Jewellery Shop.
 48072 | Snake:2  | Bought an uncursed ring of magical power for 280 gold
                  | pieces
 48151 | Snake:2  | Found a runed translucent door.
 48191 | Snake:2  | Noticed Yrif's ghost (adept GnFi)
 48202 | Snake:2  | Reached XP level 20. HP: 125/125 MP: 43/43
 49368 | Snake:4  | Entered Level 4 of the Snake Pit
 50537 | Snake:4  | Noticed Aizul
 50546 | Snake:4  | Killed Aizul
 50768 | Snake:4  | Got a serpentine rune of Zot
 51039 | Snake:4  | Noticed Vashnia
 51044 | Snake:4  | Reached skill level 15 in Fire Magic
 51049 | Snake:4  | Killed Vashnia
 51721 | Vaults:1 | Entered Level 1 of the Vaults
 52133 | Vaults:1 | Reached XP level 21. HP: 129/129 MP: 18/44
 52498 | Vaults:1 | Reached skill level 20 in Spellcasting
 52518 | Vaults:1 | Noticed a golden dragon
 52671 | Vaults:1 | Killed a golden dragon
 53852 | Vaults:2 | Reached skill level 1 in Shields
 54529 | Vaults:2 | Found a staircase to the Crypt.
 55540 | Vaults:3 | Reached XP level 22. HP: 135/135 MP: 46/46
 57175 | Vaults:4 | Reached skill level 21 in Spellcasting
 57195 | Vaults:4 | Lost mutation: You possess an exceptional clarity of mind.
                  | [potion of mutation]
 57195 | Vaults:4 | Gained mutation: Your mind is acute. (Int +2) [potion of
                  | mutation]
 57195 | Vaults:4 | Gained mutation: You are frail. (-10% HP) [potion of
                  | mutation]
 57195 | Vaults:4 | Gained mutation: You are partially covered in icy blue
                  | scales. (AC +2) [potion of mutation]
 57195 | Vaults:4 | Gained mutation: You are partially covered in yellow
                  | scales. (AC +2) [potion of mutation]
 57196 | Vaults:4 | Lost mutation: Your mind is acute. (Int +2) [potion of
                  | mutation]
 57196 | Vaults:4 | Lost mutation: You are partially covered in icy blue
                  | scales. (AC +2) [potion of mutation]
 57196 | Vaults:4 | Lost mutation: You are partially covered in yellow scales.
                  | (AC +2) [potion of mutation]
 57196 | Vaults:4 | Gained mutation: You tend to lose your temper in combat.
                  | [potion of mutation]
 57196 | Vaults:4 | Gained mutation: Your body sometimes deteriorates upon
                  | taking damage. [potion of mutation]
 57196 | Vaults:4 | Gained mutation: You evolve. [potion of mutation]
 57196 | Vaults:4 | Gained mutation: You rapidly evolve. [potion of mutation]
 57197 | Vaults:4 | Lost mutation: Your body sometimes deteriorates upon taking
                  | damage. [potion of mutation]
 57197 | Vaults:4 | Lost mutation: You tend to lose your temper in combat.
                  | [potion of mutation]
 57197 | Vaults:4 | Lost mutation: You are frail. (-10% HP) [potion of
                  | mutation]
 57197 | Vaults:4 | Lost mutation: You rapidly evolve. [potion of mutation]
 57197 | Vaults:4 | Gained mutation: Your mind is acute. (Int +2) [potion of
                  | mutation]
 57197 | Vaults:4 | Gained mutation: You are partially covered in thin metallic
                  | scales. (AC +2) [potion of mutation]
 57197 | Vaults:4 | Gained mutation: Your spells are a little easier to cast,
                  | but a little less powerful. [potion of mutation]
 57197 | Vaults:4 | Gained mutation: You are resistant to hostile enchantments.
                  | (MR+) [potion of mutation]
 57198 | Vaults:4 | Lost mutation: You are resistant to hostile enchantments.
                  | (MR+) [potion of mutation]
 57198 | Vaults:4 | Lost mutation: Your spells are a little easier to cast, but
                  | a little less powerful. [potion of mutation]
 57198 | Vaults:4 | Lost mutation: Your mind is acute. (Int +2) [potion of
                  | mutation]
 57198 | Vaults:4 | Gained mutation: Your magical capacity is low. (-10% MP)
                  | [potion of mutation]
 57198 | Vaults:4 | Gained mutation: Scrolls take you a little longer to read.
                  | [potion of mutation]
 57198 | Vaults:4 | Gained mutation: Your spells are a little harder to cast,
                  | but a little more powerful. [potion of mutation]
 57198 | Vaults:4 | Gained mutation: You are surrounded by a mild repulsion
                  | field. (EV +2) [potion of mutation]
 57199 | Vaults:4 | Lost mutation: Your spells are a little harder to cast, but
                  | a little more powerful. [potion of mutation]
 57199 | Vaults:4 | Lost mutation: Your magical capacity is low. (-10% MP)
                  | [potion of mutation]
 57199 | Vaults:4 | Lost mutation: Scrolls take you a little longer to read.
                  | [potion of mutation]
 57199 | Vaults:4 | Gained mutation: You are clumsy. (Dex -2) [potion of
                  | mutation]
 57199 | Vaults:4 | Gained mutation: Potions are less effective at restoring
                  | your health. [potion of mutation]
 57199 | Vaults:4 | Gained mutation: You expend magic power (3 MP) to
                  | strengthen your wands. [potion of mutation]
 57200 | Vaults:4 | Lost mutation: You expend magic power (3 MP) to strengthen
                  | your wands. [potion of mutation]
 57200 | Vaults:4 | Lost mutation: Potions are less effective at restoring your
                  | health. [potion of mutation]
 57200 | Vaults:4 | Lost mutation: You evolve. [potion of mutation]
 57200 | Vaults:4 | Lost mutation: You are surrounded by a mild repulsion
                  | field. (EV +2) [potion of mutation]
 57200 | Vaults:4 | Gained mutation: You are robust. (+10% HP) [potion of
                  | mutation]
 57200 | Vaults:4 | Gained mutation: You are somewhat resistant to further
                  | mutation. [potion of mutation]
 57316 | Vaults:4 | Noticed Jory
 57321 | Vaults:4 | Killed Jory
 57671 | Crypt:1  | Entered Level 1 of the Crypt
 59244 | Crypt:2  | Reached XP level 23. HP: 154/154 MP: 45/48
 59590 | Crypt:3  | Entered Level 3 of the Crypt
 59834 | Crypt:3  | Noticed Bai Suzhen
 59838 | Crypt:3  | Killed Bai Suzhen
 59879 | Crypt:3  | Noticed a greater mummy
 59892 | Crypt:3  | Noticed Khufu
 59893 | Crypt:3  | Killed a greater mummy
 59894 | Crypt:3  | Killed Khufu
 60047 | Crypt:3  | Noticed a greater mummy
 60053 | Crypt:3  | Killed a greater mummy
 60144 | Crypt:3  | Learned a level 9 spell: Shatter
 60347 | Crypt:3  | Identified the +1 hand axe of Quick Death {chop, rPois MR+
                  | MP-9 Str+3}
 60613 | Crypt:3  | Found a basalt altar of Yredelemnul.
 60755 | Crypt:3  | Identified the +4 falchion "Qikhefi Anui" {slice, MP+9}
 60874 | Crypt:3  | Identified Seatant's Guide on Dark Secrets
 61510 | Crypt:3  | Found a staircase to the Tomb.
 62167 | Depths:1 | Entered Level 1 of the Depths
 62197 | Depths:1 | Found a gateway to Hell.
 62197 | Depths:1 | Found a one-way gate leading to the halls of Pandemonium.
 62912 | Depths:1 | Found a one-way gate to the infinite horrors of the Abyss.
 63040 | Depths:1 | Noticed Mara
 63045 | Depths:1 | Killed Mara
 63191 | Depths:1 | Reached XP level 24. HP: 147/159 MP: 48/48
 63192 | Depths:1 | Reached skill level 5 in Evocations
 63386 | Depths:1 | Found the +7 Spriggan's Knife {stab, EV+4 Stlth+}
 63416 | Depths:2 | Found Tareomn's Antique Weapon Emporium.
 63544 | Depths:1 | Learned a level 9 spell: Glaciate
 63582 | Depths:2 | Reached skill level 1 in Ice Magic
 63805 | Depths:2 | Noticed a caustic shrike
 63809 | Depths:2 | Killed a caustic shrike
 64007 | Depths:2 | Found Ekluab's Antique Armour Shop.
 64016 | Depths:2 | Found Gugirph's Antique Weapon Emporium.
 64069 | Depths:2 | Found Foabusam's Gadget Shop.
 64156 | Depths:2 | You fall into a shaft and drop 2 floors!
 64156 | Depths:4 | Found a shattered altar of Ashenzari.
 64181 | Depths:4 | Reached skill level 5 in Ice Magic
 64255 | Depths:4 | Found Zeat's Armour Boutique.
 64343 | Depths:4 | Noticed a caustic shrike
 64544 | Depths:4 | Killed a caustic shrike
 64859 | Depths:4 | Reached XP level 25. HP: 165/165 MP: 48/48
 65119 | Depths:4 | Reached skill level 15 in Earth Magic
 65767 | Depths:3 | Reached skill level 10 in Ice Magic
 66522 | Depths:4 | Noticed a juggernaut
 66525 | Depths:4 | Killed a juggernaut
 66650 | Depths:5 | Entered Level 5 of the Depths
 66921 | Depths:5 | Found a runed translucent door.
 67262 | Depths:5 | Found a gate to the Realm of Zot.
 67400 | Depths:5 | Reached XP level 26. HP: 171/171 MP: 48/48
 67529 | Depths:5 | Noticed Frederick
 67532 | Depths:5 | Killed Frederick
 67565 | Depths:5 | Noticed Sojobo
 67692 | Depths:5 | Killed Sojobo
 67874 | Depths:5 | Found a gateway to a ziggurat.
 68752 | Vaults:5 | Entered Level 5 of the Vaults
 68793 | Vaults:5 | Reached XP level 27. HP: 178/178 MP: 48/48
 68794 | Vaults:5 | Reached skill level 22 in Spellcasting
 68796 | Vaults:5 | Identified the ring of Joucea {Wiz rElec Str+3 Int+3
                  | Slay+3}
 68809 | Vaults:5 | Noticed an ancient lich
 68812 | Vaults:5 | Killed an ancient lich
 69161 | Vaults:5 | Identified the Collected Works on Venom and Cold
 69211 | Vaults:5 | Identified the ring "Gaobbeso" {+Fly Int+4 Dex+3 Stlth+}
                  | (You found it on level 5 of the Vaults)
 69321 | Vaults:5 | Identified the cursed +0 short sword of Punishment
                  | {antimagic, rF+ rC+ Str-4 Stlth+}
 69399 | Vaults:5 | Reached skill level 15 in Ice Magic
 69484 | Vaults:5 | Identified the amulet "Cuacwixt" {Gourm SInv}
 69558 | Vaults:5 | Identified the ring of Puosiri {rElec rC+ rN+} (You
                  | acquired it on level 5 of the Vaults)
 69798 | Vaults:5 | Got a silver rune of Zot
 70228 | Slime:1  | Entered Level 1 of the Pits of Slime
 70810 | Slime:5  | Entered Level 5 of the Pits of Slime
 71838 | Slime:5  | Noticed the Royal Jelly
 71841 | Slime:5  | Killed the Royal Jelly
 72184 | Slime:5  | Found the +2 hat of the Bear Spirit {Spirit, +Rage rN+
                  | MR++}
 72250 | Slime:5  | Identified Pisik's Disquisition on Creative Heat
 72269 | Slime:5  | Got a slimy rune of Zot
 72616 | Snake:2  | Paralysed by fainting for 5 turns
 72653 | Snake:2  | Bought an uncursed ring of fire for 350 gold pieces
 72664 | Snake:2  | Learned a level 6 spell: Deflect Missiles
 72672 | Snake:2  | Learned a level 6 spell: Iron Shot
 73176 | Zig:1    | Entered Level 1 of a ziggurat
 73234 | Zig:2    | Entered Level 2 of a ziggurat
 73281 | Zig:3    | Entered Level 3 of a ziggurat
 73285 | Zig:3    | Found the cursed necklace of Bloodlust {*Rage +Rage MR++
                  | Int-3 Slay+6 *Curse}
 73312 | Zig:4    | Entered Level 4 of a ziggurat
 73314 | Zig:4    | Found the +5 robe of Misfortune {*Contam Harm *Corrode
                  | *Drain *Slow EV+5}
 73314 | Zig:4    | Noticed a greater mummy
 73317 | Zig:4    | Killed a greater mummy
 73324 | Zig:4    | Identified the Guide on Supportive Heat
 73340 | Zig:5    | Entered Level 5 of a ziggurat
 73345 | Zig:5    | Reached skill level 1 in Charms
 73369 | Zig:6    | Entered Level 6 of a ziggurat
 73430 | Zig:7    | Entered Level 7 of a ziggurat
 73440 | Zig:7    | Found the +7 Singing Sword {slice, sonic wave}
 73456 | Zig:8    | Entered Level 8 of a ziggurat
 73463 | Zig:8    | Reached skill level 23 in Spellcasting
 73501 | Zig:8    | Identified Venwidgh's Catalogue of Hexes and Good Luck
 73508 | Zig:8    | Reached skill level 5 in Charms
 73512 | Zig:9    | Entered Level 9 of a ziggurat
 73539 | Zig:10   | Entered Level 10 of a ziggurat
 73600 | Zig:10   | Identified the Guide on Curses and Changing
 73627 | Zig:11   | Entered Level 11 of a ziggurat
 73636 | Zig:11   | Noticed an ancient lich
 73638 | Zig:11   | Killed an ancient lich
 73638 | Zig:11   | Reached skill level 1 in Air Magic
 73658 | Zig:11   | Identified the ring of the Zebra {rN+ MP+9 Str+3} (You
                  | acquired it on level 11 of a ziggurat)
 73679 | Zig:12   | Entered Level 12 of a ziggurat
 73692 | Zig:12   | Noticed Qichotap the pandemonium lord
 73694 | Zig:12   | Killed Qichotap the pandemonium lord
 73694 | Zig:12   | Reached skill level 10 in Fighting
 73694 | Zig:12   | Reached skill level 10 in Dodging
 73755 | Zig:12   | Got a vibrating steel ring
 73756 | Zig:12   | Identified the ring of Uppomionil {rElec rPois rF+ rN+
                  | Str+5} (You found it on level 12 of a ziggurat)
 73760 | Zig:12   | Got a slimy graven amulet
 73761 | Zig:12   | Identified the amulet of Buozxuy {Inacc rN+ Int+4 Dex+5}
                  | (You found it on level 12 of a ziggurat)
 73766 | Zig:13   | Entered Level 13 of a ziggurat
 73823 | Zig:13   | Noticed an ancient lich
 73889 | Zig:13   | Killed an ancient lich
 73965 | Zig:13   | Got a twitching wooden ring
 73966 | Zig:13   | Identified the ring "Zutzirick" {rPois rF+} (You found it
                  | on level 13 of a ziggurat)
 73968 | Zig:13   | Identified the Disquisition on Transmigration
 73983 | Zig:13   | Identified Rokhanukh's Tome of Conjuration
 73994 | Zig:14   | Entered Level 14 of a ziggurat
 74010 | Zig:14   | Reached skill level 5 in Air Magic
 74022 | Zig:14   | Noticed Meth the pandemonium lord
 74026 | Zig:14   | Killed Meth the pandemonium lord
 74109 | Zig:15   | Entered Level 15 of a ziggurat
 74116 | Zig:15   | Noticed a juggernaut
 74116 | Zig:15   | Noticed a juggernaut
 74117 | Zig:15   | Noticed a juggernaut
 74117 | Zig:15   | Noticed a juggernaut
 74118 | Zig:15   | Noticed a juggernaut
 74118 | Zig:15   | Noticed a juggernaut
 74121 | Zig:15   | Killed a juggernaut
 74121 | Zig:15   | Killed a juggernaut
 74121 | Zig:15   | Killed a juggernaut
 74121 | Zig:15   | Killed a juggernaut
 74122 | Zig:15   | Killed a juggernaut
 74128 | Zig:15   | Killed a juggernaut
 74218 | Zig:16   | Entered Level 16 of a ziggurat
 74230 | Zig:16   | Noticed an orb of fire
 74233 | Zig:16   | Killed an orb of fire
 74278 | Zig:16   | Found the +4 dagger "Morg" {pain, MR+ Int+5}
 74292 | Zig:16   | Reached skill level 24 in Spellcasting
 74300 | Zig:16   | Reached skill level 10 in Evocations
 74302 | Zig:16   | Got a slimy lead ring
 74303 | Zig:16   | Identified the ring "Ciet" {+Blink rF- rC+ Str-2 Stlth+}
                  | (You found it on level 16 of a ziggurat)
 74307 | Zig:16   | Got a crude copper ring
 74308 | Zig:16   | Identified the ring of the Oracle {MR+ Str-3 Slay+2 SInv
                  | Stlth+} (You found it on level 16 of a ziggurat)
 74322 | Zig:17   | Entered Level 17 of a ziggurat
 74357 | Zig:17   | Identified the Tome of Flight and Beguiling
 74370 | Zig:17   | Identified the amulet "Xiatyeri" {rPois rF+ Regen+ SInv}
                  | (You found it on level 17 of a ziggurat)
 74431 | Zot:1    | Entered Level 1 of the Realm of Zot
 75075 | Zot:2    | Found a runed translucent gate.
 75076 | Zot:2    | Found a runed translucent gate.
 75077 | Zot:2    | Found a runed translucent gate.
 75077 | Zot:2    | Found an ancient bone altar of Kikubaaqudgha.
 75077 | Zot:2    | Noticed an ancient lich
 75078 | Zot:2    | Noticed an ancient lich
 75078 | Zot:2    | Noticed Elaole's ghost (legendary GnSk)
 75078 | Zot:2    | Noticed an ancient lich
 75078 | Zot:2    | Noticed Hicanoach's ghost (master DsGl)
 75102 | Zot:2    | Killed an ancient lich
 75102 | Zot:2    | Killed an ancient lich
 75105 | Zot:2    | Killed Elaole's ghost
 75108 | Zot:2    | Killed an ancient lich
 75110 | Zot:2    | Killed Hicanoach's ghost
 75436 | Zot:2    | Got a brightly glowing ivory ring
 75438 | Zot:2    | Identified the ring "Itwant" {*Contam rElec rF+++ rC-
                  | Stlth+} (You found it on level 2 of the Realm of Zot)
 75445 | Zot:2    | Identified the ring of Mudisoi {-Tele rPois rC+ rN+ Str+4}
                  | (You found it on level 2 of the Realm of Zot)
 75537 | Zot:2    | Reached skill level 25 in Spellcasting
 75959 | Zot:3    | Identified the ring "Gumaim" {*Slow rElec rC+ rCorr Int+4}
                  | (You acquired it on level 3 of the Realm of Zot)
 77348 | Zot:5    | Entered Level 5 of the Realm of Zot
 77677 | Zot:5    | Learned a level 3 spell: Regeneration
 77762 | Zot:5    | Noticed an ancient lich
 77765 | Zot:5    | Killed an ancient lich
 77806 | Zot:5    | Noticed an orb of fire
 77814 | Zot:5    | Killed an orb of fire
 77815 | Zot:5    | Noticed an ancient lich
 77816 | Zot:5    | Noticed an orb of fire
 77816 | Zot:5    | Noticed an orb of fire
 77817 | Zot:5    | Noticed an orb of fire
 77819 | Zot:5    | Noticed an ancient lich
 77819 | Zot:5    | Noticed an orb of fire
 77820 | Zot:5    | Killed an ancient lich
 77820 | Zot:5    | Reached skill level 26 in Spellcasting
 77821 | Zot:5    | Killed an orb of fire
 77821 | Zot:5    | Gained mutation: You are partially covered in icy blue
                  | scales. (AC +2) [an orb of fire]
 77823 | Zot:5    | Gained mutation: You do not regenerate when monsters are
                  | visible. [an orb of fire]
 77825 | Zot:5    | Noticed an ancient lich
 77825 | Zot:5    | Killed an ancient lich
 77835 | Zot:5    | Killed an ancient lich
 77835 | Zot:5    | Killed an orb of fire
 77836 | Zot:5    | Noticed an ancient lich
 77836 | Zot:5    | Killed an orb of fire
 77839 | Zot:5    | Killed an orb of fire
 77850 | Zot:5    | Killed an ancient lich
 78864 | Zot:5    | Got the Orb of Zot
 78892 | Zot:4    | Noticed a seraph
 78895 | Zot:4    | Killed a seraph
 79087 | D:14     | Noticed Oxeda the pandemonium lord
 79092 | D:14     | Killed Oxeda the pandemonium lord
 79426 | D:$      | Escaped with the Orb!

Levels and vault maps discovered:
D:1:      lemuel_arrival_cross, layout_basic
D:2:      layout_rooms, serial_aquarium, aquarium_bridge_square
          [aquarium_subvault_bridge, aquarium_subvault_wall,
          aquarium_subvault_wall, aquarium_subvault_balcony],
          aquarium_window_fake, aquarium_window_3, aquarium_view_2d,
          aquarium_balcony_3a, aquarium_pool_double, uniq_jessica
D:3:      layout_basic, kennysheep_slug_shrine, first_ration, uniq_grinder
D:4:      layout_loops_corners, minmay_overflow_temple_hex, serial_shops, shop,
          minivault_24
D:5:      layout_basic, fedhas_altar_1
D:6:      layout_gridville, gammafunk_temple_overflow_wave,
          minmay_temple_entry_grid, serial_shops,
          nicolae_shop_temple_entry_statues_fountains, uniq_prince_ribbit1,
          uniq_pikel, uniq_blork_the_orc
D:7:      layout_cave_pools
D:8:      layout_basic, kennysheep_mini, uniq_maurice, uniq_erica
D:9:      layout_grid_maze, erik_lair_island
D:10:     layout_basic, minmay_orc_entry_temple_small, serial_shops,
          nicolae_shop_statue_plus
D:11:     minmay_gate_of_8, layout_stronghold, small_statue_intersection,
          uniq_sonja
D:12:     layout_roguey, hangedman_fish_farm, st_stairs_14
D:13:     layout_roguey
D:14:     layout_cave_pools, erik_vaults_2, dk_noncrumbling_3,
          small_statue_alley_a
D:15:     hangedman_slaughterboxes, uniq_rupert, uniq_nessos
Temple:   nicolae_temple_hex_pool
Lair:1:   layout_hall_layers, ebering_ghost_disaster_area
Lair:2:   regret_index_wax_grids, layout_cave_pods, elwin_shoals_entry_rooms
Lair:3:   layout_roguey, guppyfry_snake_entry_island, minivault_23,
          uniq_gastronok
Lair:4:   layout_cave_shapes, chequers_serial_rivers_large_b, minivault_29,
          infiniplex_staircase_pool, lemuel_fruit_tree
Lair:5:   layout_cave_pods, slime_altar_1, serial_bayou_pond_e,
          lemuel_fruit_fields
Lair:6:   guppyfry_lair_end_dragon, layout_regular_city
Shoals:1: layout_shoals, nicolae_shoals_drake_roost, uniq_josephine, uniq_louise
Shoals:2: layout_shoals
Shoals:3: layout_shoals, uniq_ilsuiw, uniq_roxanne, uniq_polyphemus, uniq_nikola
Shoals:4: shoals_end_grunt_ice, layout_shoals, hangedman_shoals_cup_caves
Snake:1:  layout_basic, minmay_shop_star
Snake:2:  layout_onion, ebering_ghost_inner_flame, basic_altar,
          nicolae_snake_round_shape_thing, nicolae_snake_horde_hoard,
          minmay_shop_grove
Snake:3:  layout_cave_shapes
Snake:4:  snake_pit, layout_cave_town, grunt_megastairs_3, uniq_aizul,
          uniq_vashnia
Slime:1:  layout_caves
Slime:2:  layout_caves, cheibrodos_slime_lost_civilization_4
Slime:3:  layout_caves
Slime:4:  layout_caves
Slime:5
Orc:1:    layout_diamond_mine, ebering_ghost_reflecting_pool
Orc:2:    grunt_orc_gardens, layout_caves, grunt_orc_garden, grunt_orc_garden,
          grunt_orc_garden, grunt_orc_garden, uniq_donald
Elf:1:    eino_elf_arrival_sip, layout_geoelf_diagonals,
          minmay_elf_annihilation, minivault_14
Elf:2:    layout_gridlike
Elf:3:    minmay_elf_hall_furrowed, layout_geoelf_octagon
Vaults:1: vaults_dpeg_cross, st_greater_box_5, vaults_dpeg_spiral,
          nicolae_vaults_bisected_exclaves, vaults_mumra_minichess_inversion,
          v_alt_pattern_6, vaults_dpeg_hooks, layout_vaults_chaotic_city
Vaults:2: v_alt_pattern_4, kb_rosetta, v_rooms_3,
          minmay_crypt_entry_simple_sparse, hangedman_vaults_locks,
          hangedman_vaults_corner_blocks, v_misc_25, ontoclasm_vaults_bender,
          nicolae_vaults_ring_of_whatevers, ontoclasm_vaults_gateway,
          nicolae_vaults_stairing_the_circle, hangedman_vaults_corner,
          layout_vaults_maze_bifur
Vaults:3: ontoclasm_vaults_ring_large, grunt_vaults_focal,
          vaults_dpeg_encased_lava, vaults_standard_mumra_x, v_alt_pattern_3,
          vaults_mumra_lcd, vaults_dpeg_ring, hangedman_vaults_cutoff,
          vaults_dpeg_doors, vaults_mumra_hex, dpeg_vaults_monster_box,
          layout_vaults_omnigrid
Vaults:4: nicolae_vaults_network_periphery, ontoclasm_vaults_decontamination,
          v_rooms_5, v_alt_pattern_1, nicolae_vaults_little_squares_2,
          dpeg_vaults_pockets_of_resistance, ontoclasm_vaults_shuriken,
          nicolae_vaults_alarming, v_misc_11, nicolae_vaults_theta,
          nicolae_vaults_ring_of_whatevers, layout_vaults_ring, uniq_jory
Vaults:5
Crypt:1:  layout_catacombs, st_stairs_14, grunt_crypt_arrival_split,
          grunt_megastairs_2
Crypt:2:  layout_chaotic_city
Crypt:3:  evilmike_haunted_forest, uniq_bai_suzhen, uniq_khufu
Depths:1: layout_honeycomb, abyss_entry_small_statue_room, hell_entry,
          minmay_misc_feat_ornament, pan_entry, minmay_hollow_rounded_squares,
          uniq_mara
Depths:2: minmay_expanding_squares, layout_cave_pools, moated_statue,
          hell_entry, serial_shops, nicolae_shop_crystal,
          nicolae_shop_statue_plus, kennysheep_mini_moat,
          nicolae_shop_overgrown_old_shop, shop
Depths:3: cheibrodos_leafed_vault, layout_cross, hell_entry, pan_entry,
          nicolae_two_hexagons, infiniplex_staircase_pillars_3a,
          serial_bayou_shore_a
Depths:4: kennysheep_windowed_halls, layout_cave_shapes, ashenzari_altar_1,
          abyss_entry, serial_shops, shop, hell_entry, evilmike_ambush
          [evilmike_ambush_outer_pillars, evilmike_ambush_inner_basic],
          infiniplex_staircase_star
Depths:5: grunt_crosshair, layout_gridlike, enter_ziggurat_d,
          corexii_corridor_pit, hell_entry, lightli_gold_pyramid,
          uniq_frederick, uniq_sojobo
Zot:1:    layout_misc_corridors
Zot:2:    layout_misc_corridors, gammafunk_ghost_crypt
Zot:3:    layout_onion_interference
Zot:4:    layout_gridlike
Zot:5:    layout_gridlike

Skill      XL: |  1  2  3  4  5  6  7  8  9 10 11 12 13 14 15 16 17 18 19 20 21 22 23 24 25 26 27 |
---------------+----------------------------------------------------------------------------------+-----
Conjurations   | 2 3 4 5 6 8 9 10 11 12 14 15 16 17 18 19 20 22 | 22.3
Spellcasting   | 3 4 5 6 7 9 10 11 12 13 15 16 17 18 19 20 21 26 | 26.9
Fire Magic     | 4 5 7 8 9 11 12 14 15 16 17 19 | 19.5
Earth Magic    | 1 6 8 9 11 12 14 17 18 21 | 21.0
Fighting       | 1 4 6 7 12 | 12.4
Dodging        | 4 6 7 12 | 12.5
Evocations     | 2 4 7 14 | 14.4
Summonings     | 2 |  2.7
Transmutations | 5 |  5.1
Poison Magic   | 4 9 |  9.8
Shields        | 4 |  4.0
Ice Magic      | 7 12 14 20 | 20.0
Charms         | 6 |  6.3
Air Magic      | 6 |  6.4
Stealth        | |  2.6

Action                   |  1- 3 |  4- 6 |  7- 9 | 10-12 | 13-15 | 16-18 | 19-21 | 22-24 | 25-27 || total
-------------------------+-------+-------+-------+-------+-------+-------+-------+-------+-------++-------
Melee: Unarmed           |    17 |     1 |       |       |       |       |       |       |     5 ||    23
       Constrict         |     4 |    10 |     5 |     6 |     7 |     5 |     3 |     3 |       ||    43
       Tentacles         |     1 |     4 |     3 |     7 |     9 |    10 |     2 |     4 |     3 ||    43
       Whip              |       |    25 |    10 |       |       |       |       |       |       ||    35
       Staff             |       |       |    15 |    15 |    16 |    23 |     7 |     7 |     6 ||    89
       Scythe            |       |       |       |    47 |    20 |    25 |     3 |       |       ||    95
       Dagger            |       |       |       |     6 |       |       |       |       |       ||     6
 Cast: Flame Tongue      |    43 |    88 |   187 |   228 |   123 |       |       |       |       ||   669
       Conjure Flame     |       |     5 |     7 |    25 |     7 |       |       |       |       ||    44
       Sticky Flame      |       |       |    15 |    27 |    37 |    22 |       |     1 |       ||   102
       Fireball          |       |       |    11 |   113 |   266 |    71 |    55 |    20 |       ||   536
       Searing Ray       |       |       |       |     3 |       |       |       |       |       ||     3
       Stone Arrow       |       |       |       |     9 |    11 |       |       |       |       ||    20
       Lee's Rapid Decon |       |       |       |     5 |     6 |    29 |    22 |     8 |     2 ||    72
       Bolt of Fire      |       |       |       |     1 |   154 |   106 |    88 |   156 |    46 ||   551
       Orb of Destructio |       |       |       |       |    13 |    21 |     8 |     9 |    26 ||    77
       Statue Form       |       |       |       |       |    11 |    51 |    24 |    19 |    34 ||   139
       Poison Arrow      |       |       |       |       |       |   161 |   288 |   157 |   194 ||   800
       Spellforged Servi |       |       |       |       |       |    29 |    15 |    15 |     5 ||    64
       Fire Storm        |       |       |       |       |       |       |    30 |   118 |   224 ||   372
       Shatter           |       |       |       |       |       |       |       |     2 |   115 ||   117
       Iron Shot         |       |       |       |       |       |       |       |       |    49 ||    49
       Glaciate          |       |       |       |       |       |       |       |       |    42 ||    42
       Deflect Missiles  |       |       |       |       |       |       |       |       |     3 ||     3
       Regeneration      |       |       |       |       |       |       |       |       |     2 ||     2
Evoke: Wand              |       |     2 |     1 |     6 |    16 |     7 |     1 |       |     7 ||    40
  Use: Scroll            |       |       |     7 |     7 |    14 |    13 |    10 |     5 |    33 ||    89
       Potion            |       |       |       |     2 |     1 |     3 |     3 |     6 |    12 ||    27
 Stab: Sleeping          |     1 |     1 |       |     1 |       |     2 |       |       |       ||     5
       Distracted        |       |       |       |     1 |       |       |       |       |       ||     1
       Confused          |       |       |       |       |       |       |     1 |       |       ||     1
  Eat: Chunk             |     1 |     7 |    22 |    35 |    83 |    61 |    32 |    27 |    21 ||   289
       Ration            |       |       |       |     3 |    10 |     4 |     4 |     7 |    14 ||    42
Armor: Skin              |     7 |       |     5 |     5 |    96 |   150 |    57 |    52 |   112 ||   484
Dodge: Dodged            |    29 |    23 |    61 |    82 |   259 |   240 |   157 |   129 |   206 ||  1186
       Deflected         |       |       |       |       |       |       |    33 |     7 |    51 ||    91
Block: Buckler           |       |       |       |       |       |       |     1 |    54 |    85 ||   140
